 Dungeon Crawl Stone Soup version 0.16.2-12-gd0ad4c3 (webtiles) character file.

6145 Charly the Cleaver (level 10, -5/90 HPs)
             Began as a Deep Dwarf Gladiator on July 31, 2016.
             Was a Priest of Makhleb.
             Killed by nerve-wracking pain
             ... invoked by an orc priest
              (12 damage)
             ... on level 2 of the Orcish Mines.
             The game lasted 00:46:19 (2346 turns).

Charly the Cleaver (Deep Dwarf Gladiator)           Turns: 2346, Time: 00:46:19

Health: -5/90      AC: 16    Str: 19    XL:     10   Next: 59%
Magic:  5/5        EV:  9    Int:  9    God:    Makhleb [***...]
Gold:   143        SH:  0    Dex: 16    Spells: 0 memorised, 9 levels left

rFire  . . .     SeeInvis .     j - +0 broad axe
rCold  . . .     Clarity  .     o - +0 plate armour
rNeg   . . .     SustAb   .     (no shield)
rPois  .         Gourm    .     c - +0 helmet
rElec  .         Spirit   .     (no cloak)
rCorr  .         Warding  .     (no gloves)
rMut   .         Stasis   .     t - +1 pair of boots
MR     +....                    (no amulet)
Stlth  ..........               (no ring)
                                (no ring)

@: non-regenerating, slowed, very slow, somewhat resistant to hostile
enchantments, extremely unstealthy
A: damage resistance, recharge devices, sense surroundings 2, slow healing 3
a: Device Recharging, Minor Destruction, Lesser Servant of Makhleb, Renounce
Religion


You were on level 2 of the Orcish Mines.
You worshipped Makhleb.
Makhleb was most pleased with you.
You were not hungry.

You visited 3 branches of the dungeon, and saw 17 of its levels.
You also visited: Bailey.

You collected 803 gold pieces.
You spent 660 gold pieces at shops.

Inventory:

Hand weapons
 a - a +1 war axe
 j - a +0 broad axe (weapon)
Armour
 c - a +0 helmet (worn)
 o - a +0 plate armour (worn)
 t - a +1 pair of boots (worn)
 u - a +0 ring mail of poison resistance
Magical devices
 e - a wand of heal wounds (0)
Scrolls
 h - 2 scrolls of remove curse
 r - a scroll of summoning
 s - a scroll of blinking
 v - 2 scrolls of recharging
 w - 4 scrolls of identify
 y - a scroll of enchant armour
 A - a scroll of fear
Potions
 d - a potion of beneficial mutation {unknown}
 g - a potion of invisibility {unknown}
 i - 2 potions of restore abilities
 k - a potion of heal wounds {unknown}
 l - 2 potions of flight
 m - a potion of magic {unknown}
 q - a potion of berserk rage {unknown}
 z - 2 potions of curing
Books
 x - a book of Beasts

   Spells                             Type                      Level
   a - Summon Butterflies             Summoning                    1
   b - Call Canine Familiar           Summoning                    3
   c - Summon Ice Beast               Ice/Summoning                4
   d - Summon Mana Viper              Hexes/Summoning              5
   e - Monstrous Menagerie            Summoning                    6
   f - Summon Hydra                   Summoning                    7
Miscellaneous
 n - a lamp of fire
 p - an ornate deck of war
Comestibles
 b - 4 meat rations
 f - 2 bread rations


   Skills:
 - Level 5.6 Fighting
 + Level 13.1 Axes
 - Level 1.7 Throwing
 - Level 6.0 Armour
 - Level 7.4 Dodging
 + Level 3.7 Invocations


You had 9 spell levels left.
You didn't know any spells.

Dungeon Overview and Level Annotations

Branches:
Dungeon (12/15)            Temple (1/1) D:5             Orc (4/4) D:11
   Lair: D:8-11         Elf: Orc:3-4

Altars:
Ashenzari
Cheibriados
Dithmenos
Elyvilon
Fedhas
Gozag
Kikubaaqudgha
Makhleb
Nemelex Xobeh
Ru
Sif Muna
Trog
Vehumet
Xom
Yredelemnul
The Shining One

Shops:
D:4 *   Orc:4 ?

Annotations:
D:9 Grum


Innate Abilities, Weirdness & Mutations

You are resistant to damage.
You can recharge devices by infusing magical energy.
You passively map the area around you.
You do not heal naturally.


Message History

The orc priest calls down the wrath of Beogh upon you.
Something smites you! The orc hits you but does no damage.
The orc priest calls down the wrath of Beogh upon you.
Something smites you!
* * * LOW HITPOINT WARNING * * *
The orc warrior hits you with a war axe.
* * * LOW HITPOINT WARNING * * *
The orc hits you but does no damage. x2
An orc comes into view. It is wielding a club.
There is a stone staircase leading down, spattered with blood here.
Evoke which item? (* to show all) (? for menu, Esc to quit)
Okay, then.
Drink which item? (? for menu, Esc to quit)
Okay, then. 2 orcs come into view.
The orc wizard shouts!
The orc shouts!
The orc shouts!
The orc shouts!
The orc moves out of view.
The orc priest invokes the aid of Beogh against you.
Pain shoots through your body!
You die...

* * ,, * *#.#. , * ,
, , ,,. * ##... . *
* , $.. #.#.#oo#, ,,
* , ..... ....#...#
* .....###......#, *
* ,......#........ ,
,.........o..#..#.#*
,
,#......oo@o.....#,
* *
,.........o.....o..
* , #.#......o......
* * #...o.......#..
* #..#.......#.## **
*...#....o....., , *
* . ##.#.#..#. * *
........* * * .#.#
,*


You could see an orc warrior, 2 orc priests, an orc wizard and 7 orcs.

Vanquished Creatures
  Josephine (Orc:3)
  An orc knight (Bailey)
  A centaur zombie (D:11)
  Joseph (D:8)
  Eustachio (D:4)
  2 hippogriffs (D:7)
  3 wraiths (Orc:3)
  A wolf (D:8)
  9 orc warriors
  A black bear (D:10)
  2 phantoms
  A necrophage (D:9)
  3 ogres
  3 ice beasts
  2 centaurs
  Duvessa (D:6)
  2 giant frogs
  2 scorpions
  5 killer bees (D:11)
  Dowan (D:6)
  2 crimson imps
  A jelly (D:11)
  A giant frog zombie (D:10)
  A quasit (D:6)
  A giant frog skeleton (D:5)
  6 orc wizards
  2 orc priests (Orc:4)
  2 iguanas
  A centaur skeleton (D:5)
  3 worker ants
  2 hounds
  Ijyb (D:4)
  3 gnolls
  6 adders
  2 river rats (D:4)
  A white imp (D:4)
  A worm (D:4)
  An ufetubus (D:4)
  A giant gecko (D:4)
  35 orcs
  A giant cockroach (D:3)
  19 goblins
  8 hobgoblins
  4 bats
  A goblin zombie (Orc:3)
  A hobgoblin zombie (Orc:3)
  12 kobolds
  3 orc zombies (Orc:3)
  11 rats
176 creatures vanquished.

Notes
Turn   | Place    | Note
--------------------------------------------------------------
     0 | D:1      | Charly, the Deep Dwarf Gladiator, began the quest for the Orb.
     0 | D:1      | Reached XP level 1. HP: 19/19 MP: 1/1
    54 | D:1      | Reached skill level 4 in Axes
    54 | D:1      | Reached XP level 2. HP: 21/26 MP: 2/2
   169 | D:2      | Reached XP level 3. HP: 22/32 MP: 3/3
   178 | D:4      | Noticed Eustachio
   179 | D:4      | Noticed a phantom
   211 | D:4      | Killed Eustachio
   211 | D:4      | Reached skill level 6 in Axes
   211 | D:4      | Reached XP level 4. HP: 31/39 MP: 4/4
   211 | D:4      | Reached XP level 5. HP: 35/45 MP: 5/5
   227 | D:4      | Killed a phantom
   227 | D:4      | Reached skill level 7 in Axes
   231 | D:4      | Noticed Ijyb
   258 | D:4      | Killed Ijyb
   258 | D:4      | Reached XP level 6. HP: 24/52 MP: 6/6
   354 | D:4      | Found Ohuaja's General Store.
   380 | D:4      | Noticed an ogre
   388 | D:4      | Killed an ogre
   388 | D:4      | Reached skill level 8 in Axes
   401 | D:5      | Entered Level 5 of the Dungeon
   509 | D:6      | Noticed Duvessa
   511 | D:6      | Noticed Dowan
   519 | D:6      | Killed Duvessa
   519 | D:6      | Reached XP level 7. HP: 40/58 MP: 7/7
   530 | D:6      | Killed Dowan
   530 | D:6      | Reached skill level 9 in Axes
   537 | D:6      | Found a radiant altar of Vehumet.
   539 | D:6      | Found a sacrificial altar of Ru.
   539 | D:6      | Found a glowing golden altar of the Shining One.
   539 | D:6      | Found a shattered altar of Ashenzari.
   540 | D:6      | Found a blossoming altar of Fedhas.
   545 | D:6      | Found a white marble altar of Elyvilon.
   651 | D:7      | Found an opulent altar of Gozag.
   688 | D:7      | Noticed a hippogriff
   708 | D:7      | Killed a hippogriff
   708 | D:7      | Reached skill level 10 in Axes
   768 | D:6      | Reached skill level 1 in Armour
   768 | D:6      | Reached XP level 8. HP: 17/67 MP: 8/8
   782 | D:6      | Got an ancient long sword
   783 | D:6      | Identified the +4 long sword of Virtue {freeze, +Rage SInv Stlth+} (You found it on level 6 of the Dungeon)
   838 | D:6      | HP: 2/68 [orc warrior/trident (16)]
   927 | D:7      | Noticed a hippogriff
   944 | D:7      | Killed a hippogriff
  1150 | D:5      | Found a staircase to the Ecumenical Temple.
  1156 | Temple   | Entered the Ecumenical Temple
  1165 | Temple   | Became a worshipper of Makhleb the Destroyer
  1307 | D:9      | Reached skill level 11 in Axes
  1331 | D:9      | Noticed Grum
  1363 | D:8      | Reached skill level 5 in Armour
  1374 | D:8      | Noticed Joseph
  1393 | D:8      | Killed Joseph
  1393 | D:8      | Gained mutation: You passively map the area around you. [level up]
  1393 | D:8      | Reached XP level 9. HP: 26/74 MP: 7/7
  1462 | D:10     | Entered Level 10 of the Dungeon
  1489 | D:11     | HP: 3/74 [ogre/giant club (23)]
  1552 | D:10     | Reached skill level 5 in Dodging
  1635 | D:11     | Reached skill level 12 in Axes
  1640 | D:11     | Acquired Makhleb's first power
  1732 | D:11     | Noticed a centaur zombie
  1745 | D:11     | Killed a centaur zombie
  1791 | D:11     | Found a staircase to the Orcish Mines.
  1796 | Orc:1    | Entered Level 1 of the Orcish Mines
  1913 | Orc:3    | Noticed Josephine
  1932 | Orc:3    | Acquired Makhleb's second power
  1961 | Orc:3    | Reached XP level 10. HP: 41/87 MP: 4/4
  1982 | Orc:3    | HP: 4/87 [Josephine/dagger of pain (6)]
  1989 | Orc:3    | Killed Josephine
  1989 | Orc:3    | Reached skill level 5 in Fighting
  1993 | Orc:3    | Found a flagged portal.
  1998 | Bailey   | Entered a bailey
  2021 | Bailey   | Noticed an orc knight
  2105 | Bailey   | Killed an orc knight
  2147 | Bailey   | Reached skill level 1 in Invocations
  2192 | Bailey   | Acquired Makhleb's third power
  2261 | Orc:4    | Entered Level 4 of the Orcish Mines
  2261 | Orc:4    | Found Maidud's Magic Scroll Shop.
  2283 | Orc:4    | Reached skill level 13 in Axes
  2296 | Orc:4    | Bought a scroll of summoning for 114 gold pieces
  2296 | Orc:4    | Bought a scroll of blinking for 90 gold pieces
  2296 | Orc:4    | Bought a scroll of recharging for 114 gold pieces
  2296 | Orc:4    | Bought a scroll of identify for 24 gold pieces
  2296 | Orc:4    | Bought a scroll of identify for 24 gold pieces
  2296 | Orc:4    | Bought a scroll of identify for 24 gold pieces
  2296 | Orc:4    | Bought a scroll of enchant armour for 90 gold pieces
  2296 | Orc:4    | Bought a scroll of fear for 42 gold pieces
  2296 | Orc:4    | Bought a scroll of recharging for 114 gold pieces
  2296 | Orc:4    | Bought a scroll of identify for 24 gold pieces
  2346 | Orc:2    | Killed from afar by an orc priest

Action                   |  1- 3 |  4- 6 |  7- 9 | 10-12 || total
-------------------------+-------+-------+-------+-------++-------
Melee: War axe           |    53 |    93 |   389 |   103 ||   638
       Broad axe         |       |       |       |    82 ||    82
Throw: Throwing net      |     5 |     3 |       |       ||     8
 Abil: Device Recharging |       |       |     6 |     5 ||    11
Evoke: Wand              |     2 |     1 |    24 |    24 ||    51
  Use: Scroll            |     1 |     1 |     9 |       ||    11
       Potion            |       |       |     1 |     1 ||     2
  Eat: Fruit             |       |     3 |       |       ||     3
       Chunk             |       |       |     1 |     3 ||     4
